 Dungeon Crawl Stone Soup version 0.28-a0-537-g3bccd9ccbf (webtiles) character file.

Game seed: 12724044236422328981

109 shoop the Magician (level 4, -1/22 HPs)
             Began as a Vine Stalker Hedge Wizard on Sept 27, 2021.
             Slain by Purgy (6 damage)
             ... in a sewer.
             The game lasted 00:06:47 (4236 turns).

shoop the Magician (Vine Stalker Hedge Wizard)      Turns: 4236, Time: 00:06:48

Health: -1/22      AC:  2    Str: 12    XL:     4   Next: 89%
Magic:  0/9        EV: 12    Int: 15    God:
Gold:   121        SH:  0    Dex: 14    Spells: 3/9 levels left

rFire   . . .      SeeInvis .   a - +0 dagger
rCold   . . .      Faith    .   (no shield)
rNeg    + . .      Spirit   +   b - +0 robe
rPois   .          Reflect  .   c - +0 hat
rElec   .          Harm     .   (no cloak)
rCorr   .          Rampage  .   (no gloves)
Will    .....                   (no boots)
Stlth   ++........              (no amulet)
HPRegen 1.07/turn               e - ring of positive energy
MPRegen 0.11/turn               (no ring)

@: very slightly contaminated
A: fangs 2, regeneration 1, magic shield, antimagic bite, no potion heal 2
a: no special abilities


You were in a sewer.
You visited 1 branch of the dungeon, and saw 3 of its levels.
You also visited: Sewer.

You collected 121 gold pieces.

Inventory:

Hand Weapons
 a - a +0 dagger (weapon)
Missiles
 k - 5 atropa-tipped darts
Armour
 b - a +0 robe (worn)
 c - a +0 hat (worn)
Magical Staves
 j - a staff of cold
Jewellery
 e - a ring of positive energy (left hand)
Scrolls
 h - 3 scrolls of enchant armour {unknown}
 i - a scroll of immolation {unknown}
 l - a scroll of magic mapping {unknown}
 m - a scroll of fear {unknown}
Potions
 d - a potion of degeneration {unknown}
 f - 2 potions of curing {unknown}
 g - 2 potions of haste {unknown}


   Skills:
 - Level 1.0 Fighting
 - Level 2.0 Short Blades
 + Level 1.5 Dodging
 + Level 2.4 Stealth
 - Level 3.2 Spellcasting
 - Level 3.0 Conjurations
 - Level 1.0 Summonings
 - Level 2.0 Translocations


You had 3 spell levels left.
You knew the following spells:

 Your Spells              Type           Power      Damage    Failure   Level
a - Magic Dart            Conj           44%        1d5       6%          1
b - Blink                 Tloc           N/A        N/A       13%         2
c - Mephitic Cloud        Conj/Pois/Air  5%         N/A       36%         3

Your spell library contained the following spells:

 Spells                   Type           Power      Damage    Failure   Level
 Foxfire                  Conj/Fire      24%        2x1d5     11%         1
 Call Imp                 Summ           5%         N/A       21%         2
 Corpse Rot               Necr/Air       N/A        N/A       30%         2
 Slow                     Hex            2%         N/A       30%         2
 Conjure Flame            Conj/Fire      6%         6-21      32%         3
 Inner Flame              Hex/Fire       2%         N/A       52%         3
 Ozocubu's Armour         Ice            2%         N/A       52%         3
 Flame Wave               Conj/Fire      6%         3d4       71%         4
 Cause Fear               Hex            1%         N/A       89%         4
 Dispel Undead            Necr           2%         3d7       89%         4
 Manifold Assault         Tloc           8%         N/A       94%         5
 Summon Forest            Summ/Tloc      3%         N/A       96%         5
 Death Channel            Necr           1%         N/A       100%        6
 Dragon Form              Tmut           1%         N/A       100%        7
 Ozocubu's Refrigeration  Ice            1%         4d5       100%        7
 Dragon's Call            Summ           2%         N/A       100%        9


Dungeon Overview and Level Annotations

Branches:
Dungeon (3/15)              Sewer (1/1)

Altars:
Fedhas

Annotations:
Sewer Purgy


Innate Abilities, Weirdness & Mutations

You have extremely sharp teeth.
Your natural rate of healing is unusually fast.
When hurt, damage is shared between your health and your magic reserves.
Your bite disrupts and absorbs the magic of your enemies.
Potions cannot restore your health.


Message History

You hit Purgy. Your bite misses Purgy.
Purgy is moderately wounded.
You hit Purgy but do no damage.
Purgy is moderately wounded.
Purgy bites you. Purgy claws you. x2
You barely miss Purgy. You bite Purgy, but do no damage.
Purgy is moderately wounded.
Purgy closely misses you. Purgy barely misses you. x2
Casting: Magic Dart (safe; 6% risk of failure)
Confirm with . or Enter, or press ? or * to list all spells.
Aiming: Magic Dart (safe; 6% risk of failure)
Press: ? - help, Shift-Dir - straight line, f/p - Purgy
Aim: Purgy (moderately wounded, 100% to hit)
The magic dart hits Purgy.
Purgy is moderately wounded.
Purgy misses you. Purgy claws you. Purgy barely misses you.
You hit Purgy.
Purgy is heavily wounded.
Purgy barely misses you. Purgy claws you. Purgy claws you but does no damage.
You hit Purgy. Your bite misses Purgy.
Purgy is heavily wounded.
Purgy bites you. Purgy claws you. Purgy closely misses you.
Casting: Magic Dart (safe; 6% risk of failure)
Confirm with . or Enter, or press ? or * to list all spells.
Aiming: Magic Dart (safe; 6% risk of failure)
Press: ? - help, Shift-Dir - straight line, f/p - Purgy
Aim: Purgy (heavily wounded, 100% to hit)
You miscast Magic Dart.
You are very lightly contaminated with residual magic.
Nothing appears to happen.
Purgy closely misses you. x2
Purgy barely misses you.
You hit Purgy. You bite Purgy. You drain his power.
You feel invigorated.
Purgy is heavily wounded.
Purgy bites you!
* * * LOW HITPOINT WARNING * * *
Purgy claws you but does no damage. x2
You hit Purgy but do no damage.
Purgy is heavily wounded.
Purgy bites you!
You die...

#..≈#
##≈≈.##
#≈.≈≈.#
##..≈≈.##
#..≈#≈..#
##..# #≈.##
#.≈.# #...#
#.≈## ##≈T#
#.≈# #.@#
#.≈# #..#
#..## ##..#
#...# #...#
##.≈###..##
#...#≈..#
##.....##
#.....#
##.≈≈##


You could see Purgy.

Vanquished Creatures
  3 adders
  A worm (D:3)
  6 dart slugs
  5 endoplasms
  2 giant cockroaches
  5 hobgoblins
  10 jackals
  12 kobolds
  2 quokkas
  5 ball pythons
  3 bats
  2 frilled lizards
  3 goblins
  6 rats
65 creatures vanquished.

Vanquished Creatures (others)
  A fungus (D:1)
  A plant (D:1)
2 creatures vanquished.

Grand Total: 67 creatures vanquished

Notes
Turn   | Place    | Note
-------+----------+-------------------------------------------
     0 | D:1      | shoop the Vine Stalker Hedge Wizard began the quest for the
                  | Orb.
     0 | D:1      | Reached XP level 1. HP: 9/9 MP: 5/5
   193 | D:1      | Found a faded altar of an unknown god.
   450 | D:1      | Reached XP level 2. HP: 13/13 MP: 1/7
  1871 | D:1      | Reached XP level 3. HP: 9/16 MP: 5/8
  2106 | D:1      | Learned a level 2 spell: Blink
  2601 | D:2      | Got Dostuut's Incunabulum of Displaced Snow
  2968 | D:2      | Gained mutation: Your natural rate of healing is unusually
                  | fast. [Vine Stalker growth]
  2968 | D:2      | Reached XP level 4. HP: 21/21 MP: 9/9
  3316 | D:2      | Reached skill level 1 in Fighting
  3316 | D:2      | Reached skill level 1 in Short Blades
  3956 | D:3      | Found a glowing drain.
  4053 | D:3      | Found a blossoming altar of Fedhas.
  4080 | Sewer    | Entered a sewer
  4172 | Sewer    | Noticed Purgy
  4217 | Sewer    | Learned a level 3 spell: Mephitic Cloud
  4236 | Sewer    | Slain by Purgy

Illustrated notes

Levels and vault maps discovered:
D:1:      lightli_arrival_boilingwater, layout_loops_corners,
          shapermc_ecumenical_altar_rom_forum, minmay_misc_feat_roman,
          st_stairs_7
D:2:      layout_loops_corners, nrook_loot_triangle
D:3:      cheibrodos_greedy_goblins, layout_rooms, mainiacjoe_overflow_catwalk,
          mainiacjoe_overflow_alcove_4, portal_sewer_entry_a, minivault_26
Sewer:    sewer_the_moccasin

Skill      XL: |  1  2  3  4 |
---------------+-------------+-----
Conjurations   | 2 3 |  3.0
Translocations | 2 |  2.0
Fighting       | 1 |  1.0
Short Blades   | 2 |  2.0
Dodging        | |  1.5
Stealth        | |  2.4
Spellcasting   | |  3.2
Summonings     | |  1.0

Action                   |  1- 3 |  4- 6 || total
-------------------------+-------+-------++-------
Melee: Dagger            |    78 |    58 ||   136
       Bite              |    16 |    16 ||    32
 Cast: Magic Dart        |    69 |    60 ||   129
 Stab: Sleeping          |     5 |     1 ||     6
Armor: Robe              |    20 |    14 ||    34
Dodge: Dodged            |    53 |    57 ||   110

Table legend: (Time is in decaauts)
 A = Elapsed time spent in this place.
 B = Non-inter-level travel time spent in this place.
 C = Inter-level travel time spent in this place.
 D = Time resting spent in this place.
 E = Time spent auto-exploring this place.
 F = Levels seen in this place.
 G = Mean time per level.
                   A        B        C        D        E       F      G
               +--------+--------+--------+--------+--------+-----+--------+
         Total |   4240 |   4149 |     91 |     18 |   3627 |   4 | 1060.0 |
       Dungeon |   4080 |   3989 |     91 |     18 |   3544 |   3 | 1360.0 |
         Sewer |    159 |    159 |      0 |      0 |     83 |   1 |  159.0 |
               +--------+--------+--------+--------+--------+-----+--------+

Top non-repeatable levels by time:
     D:1: 2151 daAuts
     D:2: 1346 daAuts
     D:3: 582 daAuts
   Sewer: 159 daAuts
